 Dungeon Crawl Stone Soup version 0.28-a0-804-g60983d4ba9 (webtiles) character file.

Game seed: 12067469051062119549

964 cheechan the Bolt Thrower (level 8, 0/81 HPs)
             Began as an Octopode Hunter on Nov 7, 2021.
             Killed by divine providence
             ... invoked by an orc priest
              (14 damage)
             ... on level 5 of the Dungeon.
             The game lasted 00:21:27 (5017 turns).

cheechan the Bolt Thrower (Octopode Hunter)         Turns: 5017, Time: 00:21:28

Health: 0/81       AC: 24    Str: 12    XL:     8   Next: 15%
Magic:  8/8        EV:  2    Int: 13    God:
Gold:   248        SH:  5    Dex: 14    Spells: 6/7 levels left

rFire   . . .      SeeInvis .   k - +2 whip (holy)
rCold   + . .      Faith    .   (no shield)
rNeg    . . .      Spirit   .   (helmet currently unavailable)
rPois   +          Reflect  +   s - amulet of reflection
rElec   .          Harm     .   d - +4 ring of evasion
rCorr   .          Rampage  .   l - ring of protection from cold
Will    .....      NoTele   +   y - ring of wizardry
Stlth   ++........              (no ring)
HPRegen 0.23/turn               (no ring)
MPRegen 0.11/turn               (no ring)
                                (no ring)
                                (no ring)

@: tree-form (expiring)
A: stationary, stasis, torment immunity, boosted hp, almost no armour,
(amphibious), 8 rings, (camouflage 1), (gelatinous body 1), (nimble swimmer 1),
(tentacles)
a: no special abilities


You were on level 5 of the Dungeon.
You were a tree.
You visited 1 branch of the dungeon, and saw 5 of its levels.

You collected 248 gold pieces.

Inventory:

Hand Weapons
 a - a +1 vorpal hand crossbow
 f - a +0 hunting sling
 k - a +2 whip of holy wrath (weapon)
 n - a +0 shortbow
 A - a +3 dagger
Missiles
 b - 55 sling bullets
 c - 9 bolts
 h - 14 boomerangs (quivered)
 i - 31 arrows
 o - 19 poisoned darts
Jewellery
 d - a +4 ring of evasion (left branch)
 l - a ring of protection from cold (right branch)
 r - an amulet of guardian spirit
 s - an amulet of reflection (around neck)
 y - a ring of wizardry (on tentacle)
Wands
 w - a wand of flame (8)
Scrolls
 m - a scroll of noise
Potions
 e - 2 potions of lignification
 g - a potion of brilliance {unknown}
 j - a potion of invisibility {unknown}
 p - a potion of degeneration {unknown}
 q - a potion of magic {unknown}
 t - 3 potions of cancellation
 u - a potion of flight {unknown}
 v - a potion of heal wounds
 x - a potion of ambrosia {unknown}
 z - a potion of curing


   Skills:
 + Level 4.2 Fighting
 + Level 1.5 Maces & Flails
 + Level 7.9 Crossbows
 + Level 3.6 Dodging
 + Level 3.2 Stealth
 + Level 1.5 Shields


You had 6 spell levels left.
You knew the following spells:

 Your Spells              Type           Power      Damage    Failure   Level
a - Sting                 Tmut/Pois      0%         1d3       12%         1

Your spell library contained the following spells:

 Spells                   Type           Power      Damage    Failure   Level
 Sublimation of Blood     Necr           0%         N/A       19%         2
 Gell's Gravitas          Tloc           0%         N/A       34%         3
 Lesser Beckoning         Tloc           0%         N/A       34%         3
 Teleport Other           Tloc           0%         N/A       34%         3
 Petrify                  Tmut/Erth      0%         N/A       73%         4
 Irradiate                Conj/Tmut      0%         3d14      96%         5


Dungeon Overview and Level Annotations

Branches:
Dungeon (5/15)
 Temple: D:4-7

Altars:
Elyvilon
Hepliaklqana
Vehumet


Innate Abilities, Weirdness & Mutations

You are a tree.
Your roots penetrate the ground, keeping you stationary.
You cannot be teleported.
You are immune to unholy pain and torment.
Your maximum health is greatly increased.
You cannot wear most types of armour.
((You are amphibious.))
You can wear up to eight rings at the same time.
((Your skin changes colour to match your surroundings (Stealth+).))
((Your rubbery body absorbs attacks. (AC +1, EV +1)))
((You are camouflaged near water. (Stealth+)))
((You have tentacles for arms and can constrict up to eight enemies at once.))


Message History

The orc priest hits you with a +0 hand axe.
* * * LOW HITPOINT WARNING * * *
You barely miss the orc priest.
The orc priest is heavily wounded.
The orc priest hits you but does no damage.
You hit the orc priest.
The orc priest is severely wounded.
The orc priest casts a cantrip, but nothing happens.
You closely miss the orc priest.
The orc priest is severely wounded.
You block the orc priest's attack.
You hit the orc priest.
The orc priest is almost dead.
The orc priest barely misses you.
You hit the orc priest but do no damage.
The orc priest is almost dead.
The orc priest barely misses you.
You hit the orc priest but do no damage.
The orc priest is almost dead.
You block the orc priest's attack.
You hit the orc priest but do no damage.
The orc priest is almost dead.
The orc priest hits you but does no damage.
You barely miss the orc priest.
The orc priest is almost dead.
Your transformation is almost over.
The orc priest hits you but does no damage.
You hit the orc priest but do no damage.
The orc priest is almost dead.
The orc priest looks satisfied for a moment.
You completely miss the orc priest.
The orc priest is almost dead.
The orc priest mumbles some strange prayers to Beogh against you.
Beogh smites you!
* * * LOW HITPOINT WARNING * * *
You closely miss the orc priest.
The orc priest is almost dead.
The orc priest invokes the aid of Beogh against you.
Beogh smites you!
You die...

#.#.# #.#
#.#.# #.#
#.#.# #.#
#.#.#### #.#
#######.#....
#.#.###
..o.oo)<.>###
#.#....
#.o{o.#
#####.#####
###o#.#
#..........
#♣#.#
#.####.####
#.#.####.#
#.# #
#.#......#
#.# #
#.########
#.# # #.. ..#
# #.# ### #
### #


You could see an orc priest and 2 orcs.

Vanquished Creatures
  Eustachio (D:4)
  A black bear (D:5)
  A sky beast (D:5)
  A centaur (D:5)
  A phantom (D:5)
  A scorpion (D:4)
  A jelly (D:4)
  An orc priest (D:5)
  An iguana (D:5)
  Natasha (thrice) (D:3)
  2 orc wizards (D:5)
  Robin (D:2)
  5 adders
  A shadow imp (D:5)
  A white imp (D:3)
  An ufetubus (D:5)
  A worm (D:3)
  2 dart slugs
  13 orcs
  7 ball pythons
  9 bats
  7 endoplasms
  4 giant cockroaches
  16 goblins
  12 hobgoblins
  8 jackals
  7 kobolds
  5 quokkas
  4 frilled lizards
  4 rats
122 creatures vanquished.

Vanquished Creatures (others)
  3 fungi (D:2)
  2 plants
5 creatures vanquished.

Grand Total: 127 creatures vanquished

Notes
Turn   | Place    | Note
-------+----------+-------------------------------------------
     0 | D:1      | cheechan the Octopode Hunter began the quest for the Orb.
     0 | D:1      | Reached XP level 1. HP: 14/14 MP: 1/1
   193 | D:1      | Reached XP level 2. HP: 12/19 MP: 2/2
  1143 | D:2      | Reached XP level 3. HP: 14/23 MP: 3/3
  1373 | D:2      | Reached skill level 5 in Crossbows
  1639 | D:2      | Found a faded altar of an unknown god.
  1646 | D:2      | Got Plato's Handbook of Transformation
  1649 | D:2      | Learned a level 1 spell: Sting
  1814 | D:2      | Noticed Robin
  1818 | D:2      | Reached XP level 4. HP: 18/29 MP: 4/4
  1848 | D:2      | Killed Robin
  2621 | D:3      | Found a white marble altar of Elyvilon.
  2709 | D:3      | Found a radiant altar of Vehumet.
  2736 | D:3      | Reached XP level 5. HP: 33/35 MP: 5/5
  2993 | D:3      | Reached skill level 1 in Maces & Flails
  3304 | D:3      | Noticed Natasha
  3312 | D:3      | Killed Natasha
  3319 | D:3      | Noticed Natasha
  3327 | D:3      | Killed Natasha
  3459 | D:3      | Noticed Natasha
  3469 | D:3      | Killed Natasha
  3470 | D:3      | Reached XP level 6. HP: 22/41 MP: 6/6
  3541 | D:3      | Found a hazy altar of Hepliaklqana.
  3634 | D:4      | Reached skill level 6 in Crossbows
  3666 | D:4      | Noticed Eustachio
  3686 | D:4      | Killed Eustachio
  3687 | D:4      | Reached skill level 1 in Shields
  3687 | D:4      | Reached XP level 7. HP: 14/46 MP: 7/7
  4210 | D:4      | Noticed a yak
  4210 | D:4      | Noticed a yak
  4211 | D:4      | Noticed a yak
  4415 | D:5      | Entered Level 5 of the Dungeon
  4480 | D:5      | Reached skill level 7 in Crossbows
  4864 | D:5      | Reached XP level 8. HP: 42/54 MP: 8/8
  5017 | D:5      | Killed from afar by an orc priest

Illustrated notes

Levels and vault maps discovered:
D:1:      evilmike_arrival_fibonacci_small, layout_basic
D:2:      layout_loops_cross, shapermc_ecumenical_altar_rom_forum,
          minmay_joined_circles, uniq_robin
D:3:      layout_basic, nicolae_overflow_hidden_temple, led_sif_pool,
          nicolae_elyvilon_peaceful_grove, nicolae_hepliaklqana_hippocampus,
          minmay_statues_item, uniq_natasha
D:4:      layout_cave_pools, st_stairs_13, chequers_decorated_corner,
          uniq_eustachio, uniq_crazy_yiuf_cottage
D:5:      corexii_shack_village, layout_basic, xom_confusion_cloud

Skill      XL: |  1  2  3  4  5  6  7 |
---------------+----------------------+-----
Crossbows      | 5 6 7 |  7.9
Stealth        | 2 3 |  3.2
Maces & Flails | 1 |  1.5
Fighting       | 3 4 |  4.2
Dodging        | 3 |  3.6
Shields        | 1 |  1.5

Action                   |  1- 3 |  4- 6 |  7- 9 || total
-------------------------+-------+-------+-------++-------
Melee: Hand crossbow     |    17 |    32 |       ||    49
       Constrict         |     7 |    16 |       ||    23
       Tentacles         |     7 |    11 |       ||    18
       Whip              |       |    34 |    33 ||    67
 Fire: Hand crossbow     |    64 |    78 |    65 ||   207
  Use: Scroll            |     7 |     2 |     1 ||    10
       Potion            |       |     3 |     2 ||     5
 Stab: Sleeping          |       |     1 |       ||     1
Armor: Skin              |     3 |    31 |    15 ||    49
Dodge: Dodged            |    51 |    81 |    32 ||   164
Block: Other             |     3 |    29 |     8 ||    40
       Reflection        |     1 |       |     1 ||     2

Table legend: (Time is in decaauts)
 A = Elapsed time spent in this place.
 B = Non-inter-level travel time spent in this place.
 C = Inter-level travel time spent in this place.
 D = Time resting spent in this place.
 E = Time spent auto-exploring this place.
 F = Levels seen in this place.
 G = Mean time per level.
                   A        B        C        D        E       F      G
               +--------+--------+--------+--------+--------+-----+--------+
         Total |   5080 |   5080 |      0 |    999 |      0 |   5 | 1016.0 |
       Dungeon |   5080 |   5080 |      0 |    999 |      0 |   5 | 1016.0 |
               +--------+--------+--------+--------+--------+-----+--------+

Top non-repeatable levels by time:
     D:2: 1327 daAuts
     D:3: 1222 daAuts
     D:1: 1105 daAuts
     D:4: 818 daAuts
     D:5: 607 daAuts
